 Dungeon Crawl Stone Soup version 0.31-a0-881-ge136f0c47a (webtiles) character file.

Game seed: 17714616182341373477

52 pokeman the Magician (level 3, 0/20 HPs)
             Began as a Deep Elf Hedge Wizard on Oct 15, 2023.
             Slain by Terence
             ... wielding a +0 trident
              (6 damage)
             ... on level 2 of the Dungeon.
             The game lasted 00:02:35 (1596 turns).

pokeman the Magician (Deep Elf Hedge Wizard)        Turns: 1596, Time: 00:02:36

Health: 0/20       AC:  3    Str:  7    XL:     3   Next: 60%
Magic:  3/11       EV: 13    Int: 20    God:
Gold:   18         SH:  0    Dex: 20    Spells: 4/12 levels left

rFire   x . .        a - +0 dagger
rCold   + . .        (no shield)
rNeg    . . .        b - +0 robe
rPois   +            c - +0 hat
rElec   .            (no cloak)
rCorr   .            f - +0 pair of gloves
SInv    .            (no boots)
Will    .....        (no amulet)
Stlth   ++           n - ring "Tian" {rPois rF- rC+ Dex+6}
HPRegen 0.23/turn    (no ring)
MPRegen 0.12/turn

%: no passive effects
@: very slightly contaminated
A: no striking features
a: no special abilities


You were on level 2 of the Dungeon.
You visited 1 branch of the dungeon, and saw 2 of its levels.

You collected 18 gold pieces.

Inventory:

Hand Weapons
 a - a +0 dagger (weapon)
Armour
 b - a +0 robe (worn)
 c - a +0 hat (worn)
 f - a +0 pair of gloves (worn)
Magical Staves
 e - a staff of cold
Jewellery
 n - the ring "Tian" (left hand) {rPois rF- rC+ Dex+6}
   (You found it on level 2 of the Dungeon)

   [ring of dexterity]

   Dex+6:     It affects your dexterity (+6).
   rF-:       It makes you vulnerable to fire.
   rC+:       It protects you from cold.
   rPois:     It protects you from poison
Scrolls
 g - a scroll of acquirement {unknown}
 h - a scroll of identify {unknown}
 j - a scroll of teleportation {unknown}
 k - a scroll of amnesia {unknown}
 l - a scroll of brand weapon {unknown}
 m - a scroll of noise {unknown}
Potions
 d - a potion of magic
 i - 2 potions of brilliance {unknown}
 o - a potion of resistance {unknown}


   Skills:
 + Level 0.9 Fighting
 + Level 1.0 Armour
 - Level 2.4 Dodging
 - Level 2.4 Stealth
 * Level 5.3 Spellcasting
 + Level 2.0 Conjurations
 - Level 1.1 Summonings
 - Level 1.1 Translocations


You had 4 spell levels left.
You knew the following spells:

 Your Spells              Type           Power      Damage    Failure   Level
a - Magic Dart            Conj           52%        1d5       4%          1
b - Mephitic Cloud        Conj/Pois/Air  8%         N/A       26%         3
c - Call Imp              Summ           18%        N/A       11%         2
d - Blink                 Tloc           18%        N/A       11%         2

Your spell library contained the following spells:

 Spells                   Type           Power      Damage    Failure   Level
 Slow                     Hex            20%        N/A       12%         1
 Cigotuvi's Dreadful Rot  Necr/Pois/Air  10%        N/A       17%         2
 Ensorcelled Hibernation  Hex/Ice        10%        N/A       17%         2
 Passwall                 Tmut/Erth      4%         N/A       17%         2
 Swiftness                Air            5%         N/A       34%         3


Dungeon Overview and Level Annotations

Branches:
Dungeon (2/15)

Altars:

Annotations:
D:2 Terence


Message History

You see here a rat corpse.
There is a stone staircase leading down here.
There is a stone staircase leading down here.
You see here a rat corpse.
o - a sedimented pink potion You now have 18 gold pieces (gained 11).
Terence the Incautious comes into view.
He is wielding a +0 trident and wearing a +3 chain mail of fire resistance.
Found 2 poisoned darts.
Casting: Magic Dart (safe; 4% risk of failure)
Confirm with . or Enter, or press ? or * to list all spells.
Aiming: Magic Dart (safe; 4% risk of failure)
Press: ? - help, Shift-Dir - straight line, f - Terence
Aim: Terence, wielding a +0 trident and wearing a +3 chain mail of fire resistance (asleep, 100% to hit)
The magic dart hits Terence but does no damage.
Terence shouts!
Unknown command.
Casting: Magic Dart (safe; 4% risk of failure)
Confirm with . or Enter, or press ? or * to list all spells.
Aiming: Mephitic Cloud (extremely dangerous; 26% risk of failure)
Press: ? - help, Shift-Dir - straight line, f/p - Terence
Aim: Terence, wielding a +0 trident and wearing a +3 chain mail of fire resistance (chance to affect: 91%)
You miscast Mephitic Cloud.
You are very lightly contaminated with residual magic.
You feel a sudden electric shock! Terence closely misses you.
Casting: Mephitic Cloud (extremely dangerous; 26% risk of failure)
Confirm with . or Enter, or press ? or * to list all spells.
Okay, then.
Casting: Mephitic Cloud (extremely dangerous; 26% risk of failure)
Confirm with . or Enter, or press ? or * to list all spells.
Aiming: Mephitic Cloud (extremely dangerous; 26% risk of failure)
Press: ? - help, Shift-Dir - straight line, f/p - Terence
Aim: Terence, wielding a +0 trident and wearing a +3 chain mail of fire resistance (chance to affect: 91%)
You miscast Mephitic Cloud.
Sparks of electricity dance around you!
* * * LOW HITPOINT WARNING * * *
Terence misses you.
Casting: Mephitic Cloud (extremely dangerous; 26% risk of failure)
Confirm with . or Enter, or press ? or * to list all spells.
A tiny devil pulls itself out of the air.
Terence hits you from afar with a +0 trident.
You die...

#.# #.#
#.# #.#
#.# #.#
#.# #.#
#. #.#
#.# #.#
#5# #@#
#.# #@#
#.# #.#
........#
##.(.####
##. #


You could see Terence (ally target) and a friendly cerulean imp (summoned).

Vanquished Creatures
  An adder (D:2)
  A dart slug (D:1)
  2 ball pythons (D:1)
  5 bats
  2 endoplasms
  2 giant cockroaches (D:1)
  3 goblins
  2 hobgoblins (D:1)
  6 jackals (D:1)
  4 kobolds (D:1)
  A quokka (D:1)
  4 frilled lizards (D:1)
  6 rats
39 creatures vanquished.

Notes
Turn   | Place    | Note
-------+----------+-------------------------------------------
     0 | D:1      | pokeman the Deep Elf Hedge Wizard began the quest for the
                  | Orb.
     0 | D:1      | Reached XP level 1. HP: 10/10 MP: 7/7
   236 | D:1      | Reached XP level 2. HP: 15/15 MP: 4/9
   720 | D:1      | Reached skill level 5 in Spellcasting
   813 | D:1      | Reached XP level 3. HP: 20/20 MP: 2/11
   818 | D:1      | Learned a level 3 spell: Mephitic Cloud
   821 | D:1      | Learned a level 2 spell: Call Imp
   824 | D:1      | Learned a level 2 spell: Blink
  1366 | D:2      | Reached skill level 1 in Armour
  1482 | D:2      | Identified the ring "Tian" {rPois rF- rC+ Dex+6}
  1588 | D:2      | Noticed Terence
  1596 | D:2      | Slain by Terence

Illustrated notes

Levels and vault maps discovered:
D:1:      nzn_arrival_water_spiral, layout_rooms, serial_glass, glass_columns_a,
          glass_columns_c
D:2:      layout_loops_ring, uniq_crazy_yiuf_cottage, uniq_terence

Skill      XL: |  1  2  3 |
---------------+----------+-----
Spellcasting   | 5 |  5.3
Armour         | 1 |  1.0
Conjurations   | 2 |  2.0
Fighting       | |  0.9
Dodging        | |  2.4
Stealth        | |  2.4
Summonings     | |  1.1
Translocations | |  1.1

Action                     || total
---------------------------++-------
  Melee: Dagger            ||    36
   Cast: Magic Dart        ||    99
         Call Imp          ||     1
   Stab: Sleeping          ||     1
 Armour: Robe              ||    33
  Dodge: Dodged            ||    43

Table legend: (Time is in decaauts)
 A = Elapsed time spent in this place.
 B = Non-inter-level travel time spent in this place.
 C = Inter-level travel time spent in this place.
 D = Time resting spent in this place.
 E = Time spent auto-exploring this place.
 F = Levels seen in this place.
 G = Mean time per level.
                   A        B        C        D        E       F      G
               +--------+--------+--------+--------+--------+-----+--------+
         Total |   1600 |   1580 |     20 |     59 |   1269 |   2 |  800.0 |
       Dungeon |   1600 |   1580 |     20 |     59 |   1269 |   2 |  800.0 |
               +--------+--------+--------+--------+--------+-----+--------+

Top non-repeatable levels by time:
     D:1: 1310 daAuts
     D:2: 289 daAuts
